APP
OREM OWLZ @ PRINCETON RAYS
07/31/2049
 
TOP OF THE 1ST
Orem Owlz batting - Pitching for Princeton Rays : LHP Han Keijzer
Pitching: LHP Han Keijzer
Batting: RHB Ken Hillman 0-0: Swinging Strike
0-1: SINGLE (Line Drive, 5D, EV 100.0 MPH)
Batting: RHB Fred Saxton 0-0: Ball
1-0: Ball
Passed Ball!
Ken Hillman to second
2-0: SINGLE (Line Drive, 5D, EV 100.0 MPH)
Ken Hillman to third
Runner from 3rd tries for Home, SAFE, throw by LF to home
Batting: RHB Daniel Molina Pickoff Throw to First - Out! 1-3 CS
0-0: Swinging Strike
0-1: SOLO HOME RUN (Flyball, 78XD, EV 105.0 MPH), Distance : 424 ft
Batting: RHB Kyle Gray 0-0: Ball
1-0: Ball
2-0: Ball
3-0: Base on Balls
Batting: SHB Manuel Martinez 0-0: Ball
1-0: Ball
2-0: Fly out, F6 (Line Drive, 6, EV 70.6 MPH)
Batting: RHB Brendan Garoutte 0-0: Ball
1-0: Called Strike
1-1: Called Strike
1-2: SINGLE (Flyball, 8RS, EV 95.6 MPH)
Kyle Gray to second
Runner from 2nd tries for 3rd, OUT! 8-5
Top of the 1st over - 2 runs, 4 hits, 0 errors, 1 left on base; Orem 2 - Princeton 0
BOTTOM OF THE 1ST
Princeton Rays batting - Pitching for Orem Owlz : RHP Bobby Cordova
Pitching: RHP Bobby Cordova
Batting: RHB Toshikatsu Omori 0-0: Ball
1-0: Ball
2-0: Foul Ball, location: 2F
2-1: Ground out 6-3 (Groundball, 6, EV 86.9 MPH)
Batting: LHB Dave Northam 0-0: Ball
1-0: Ground out 6-3 (Groundball, 6D, EV 88.1 MPH)
Batting: SHB Omar Cervantes 0-0: Foul Ball, location: 2F
0-1: Swinging Strike
0-2: Foul Ball, location: 2F
0-2: SINGLE (Line Drive, 7S, EV 106.9 MPH)
Batting: LHB Ian Cranton 0-0: Swinging Strike
0-1: Called Strike
0-2: SINGLE (Line Drive, 56D, EV 99.4 MPH)
Omar Cervantes to second
Batting: SHB Dan Trainer 0-0: Called Strike
0-1: Ball
1-1: Fly out, F6 (Line Drive, 6, EV 66.2 MPH)
Bottom of the 1st over - 0 runs, 2 hits, 0 errors, 2 left on base; Orem 2 - Princeton 0
TOP OF THE 2ND
Orem Owlz batting - Pitching for Princeton Rays : LHP Han Keijzer
Batting: RHB Jesse Sargent 0-0: Ball
1-0: Foul Ball, location: 2F
1-1: Ball
2-1: Ball
3-1: Base on Balls
Batting: LHB Kevin Feldman 0-0: Called Strike
Jesse Sargent is caught stealing 2nd base 2-6
0-1: Foul Ball, location: 2F
0-2: Ball
1-2: Ball
2-2: Ground out 6-3 (Groundball, 6, EV 88.1 MPH)
Batting: RHB Steve Neely 0-0: Foul Ball, location: 2F
0-1: Ball
1-1: Ball
2-1: Ball
3-1: Fly out, F9 (Flyball, 9, EV 91.2 MPH)
Top of the 2nd over - 0 runs, 0 hits, 0 errors, 0 left on base; Orem 2 - Princeton 0
BOTTOM OF THE 2ND
Princeton Rays batting - Pitching for Orem Owlz : RHP Bobby Cordova
Batting: RHB Sandoval Serzedelo 0-0: SINGLE (Line Drive, 4M, EV 95.0 MPH)
Batting: RHB Willie Acevedo 0-0: Ball
1-0: Called Strike
1-1: Called Strike
1-2: Strikes out swinging
Sandoval Serzedelo steals 2nd base
Batter strikes out.
Batting: LHB Matt Pena 0-0: Ball
1-0: Ground out 4-3 (Groundball, 4, EV 88.8 MPH)
Sandoval Serzedelo to third
Batting: RHB Cody Gebo 0-0: Called Strike
0-1: Swinging Strike
0-2: Ball
1-2: Ball
2-2: Ball
3-2: Fly out, F6 (Flyball, 56D, EV 85.6 MPH)
Bottom of the 2nd over - 0 runs, 1 hit, 0 errors, 1 left on base; Orem 2 - Princeton 0
TOP OF THE 3RD
Orem Owlz batting - Pitching for Princeton Rays : LHP Han Keijzer
Batting: RHB Ken Hillman 0-0: Ball
1-0: Ball
2-0: Called Strike
2-1: Ball
3-1: Called Strike
3-2: Fly out, F4 (Popup, 4M, EV 77.5 MPH)
Batting: RHB Fred Saxton 0-0: Foul Ball, location: 2F
0-1: SINGLE (Groundball, 3D, EV 95.0 MPH)
Batting: RHB Daniel Molina 0-0: Foul Ball, location: 2F
0-1: Swinging Strike
0-2: Strikes out swinging
Fred Saxton steals 2nd, throwing error, E2
Fred Saxton to third
Batting: RHB Kyle Gray 0-0: Ball
1-0: Called Strike
1-1: Called Strike
1-2: Ground out 6-3 (Groundball, 6, EV 87.5 MPH)
Top of the 3rd over - 0 runs, 1 hit, 1 error, 1 left on base; Orem 2 - Princeton 0
BOTTOM OF THE 3RD
Princeton Rays batting - Pitching for Orem Owlz : RHP Bobby Cordova
Batting: RHB Toshikatsu Omori 0-0: Ball
1-0: Ball
2-0: Ball
3-0: Base on Balls
Batting: LHB Dave Northam 0-0: Ball
1-0: Ball
2-0: Ball
3-0: Base on Balls
Toshikatsu Omori to second
Batting: SHB Omar Cervantes 0-0: Called Strike
0-1: Ball
1-1: Swinging Strike
1-2: Fly out, F3 (Popup, 3, EV 70.6 MPH)
Batting: LHB Ian Cranton 0-0: Ball
1-0: Foul Ball, location: 2F
1-1: Called Strike
1-2: Foul Ball, location: 2F
1-2: SINGLE (Groundball, 34D, EV 105.0 MPH)
Toshikatsu Omori to third
Dave Northam to second
Runner from 3rd tries for Home, SAFE, throw by RF to home
Batting: SHB Dan Trainer 0-0: SINGLE (Line Drive, 34D, EV 95.6 MPH)
Dave Northam to third
Ian Cranton to second
Batting: RHB Sandoval Serzedelo 0-0: Ball
1-0: Called Strike
1-1: Ball
2-1: Grounds into double play, 4-6-3 (Groundball, 4, EV 88.8 MPH)
Bottom of the 3rd over - 1 run, 2 hits, 0 errors, 2 left on base; Orem 2 - Princeton 1
TOP OF THE 4TH
Orem Owlz batting - Pitching for Princeton Rays : LHP Han Keijzer
Batting: SHB Manuel Martinez 0-0: Called Strike
0-1: Ball
1-1: Swinging Strike
1-2: SINGLE (Groundball, 56S, EV 66.2 MPH) (infield hit)
Batting: RHB Brendan Garoutte 0-0: Called Strike
0-1: Ball
1-1: Ball
2-1: Ball
3-1: Fly out, F8 (Flyball, 78D, EV 103.8 MPH)
Batting: RHB Jesse Sargent 0-0: Called Strike
0-1: Ball
1-1: Swinging Strike
1-2: Strikes out swinging
Batting: LHB Kevin Feldman 0-0: Foul Ball, location: 2F
0-1: Ball
1-1: Ground out U3 (Groundball, 3S, EV 80.6 MPH)
Top of the 4th over - 0 runs, 1 hit, 0 errors, 1 left on base; Orem 2 - Princeton 1
BOTTOM OF THE 4TH
Princeton Rays batting - Pitching for Orem Owlz : RHP Bobby Cordova
Batting: RHB Willie Acevedo 0-0: Ball
1-0: Swinging Strike
1-1: Swinging Strike
1-2: Strikes out swinging
Batting: LHB Matt Pena 0-0: Fly out, F7 (Flyball, 7D, EV 101.2 MPH)
Batting: RHB Cody Gebo 0-0: Ball
1-0: Ground out 4-3 (Groundball, 4, EV 88.8 MPH)
Bottom of the 4th over - 0 runs, 0 hits, 0 errors, 0 left on base; Orem 2 - Princeton 1
TOP OF THE 5TH
Orem Owlz batting - Pitching for Princeton Rays : LHP Han Keijzer
Batting: RHB Steve Neely 0-0: Ball
1-0: Ball
2-0: Ball
3-0: Base on Balls
Batting: RHB Ken Hillman 0-0: Called Strike
Steve Neely steals 2nd base
0-1: Ball
1-1: SINGLE (Groundball, 56S, EV 75.0 MPH) (infield hit)
Steve Neely to third
Batting: RHB Fred Saxton 0-0: Called Strike
0-1: Called Strike
Ken Hillman steals 2nd, throwing error, E2
Steve Neely scores
Ken Hillman to third
0-2: Ball
1-2: 2-RUN HOME RUN (Flyball, 9D, EV 100.0 MPH), Distance : 384 ft
Pitching: LHP Joel Brown
Batting: RHB Daniel Molina 0-0: Called Strike
0-1: Ball
1-1: Foul Ball, location: 2F
1-2: Strikes out swinging
Batting: RHB Kyle Gray 0-0: Ball
1-0: Ball
2-0: Fly out, F4 (Popup, 3S, EV 78.1 MPH)
Batting: SHB Manuel Martinez 0-0: Ball
1-0: SOLO HOME RUN (Line Drive, 7D, EV 95.6 MPH), Distance : 382 ft
Batting: RHB Brendan Garoutte 0-0: Ball
1-0: Ground out 1-3 (Groundball, 13S, EV 73.8 MPH)
Top of the 5th over - 4 runs, 3 hits, 1 error, 0 left on base; Orem 6 - Princeton 1
BOTTOM OF THE 5TH
Princeton Rays batting - Pitching for Orem Owlz : RHP Bobby Cordova
Batting: RHB Toshikatsu Omori 0-0: SINGLE (Groundball, 6MD, EV 93.8 MPH)
Batting: LHB Dave Northam 0-0: Fielders Choice at 2nd, 4-6 (Groundball, 4S, EV 81.9 MPH)
Batting: SHB Omar Cervantes 0-0: Called Strike
0-1: SINGLE (Groundball, 6MD, EV 98.1 MPH)
Dave Northam to second
Batting: LHB Ian Cranton 0-0: Ball
1-0: Called Strike
1-1: SINGLE (Line Drive, 6MD, EV 110.6 MPH)
Dave Northam to third
Omar Cervantes to second
Batting: SHB Dan Trainer 0-0: Grounds out, U3 (Groundball, 3L, EV 100.6 MPH)
Dave Northam scores
Omar Cervantes to third
Batting: RHB Sandoval Serzedelo 0-0: Ball
1-0: 3-RUN HOME RUN (Flyball, 7D, EV 100.6 MPH), Distance : 382 ft
Pitching: RHP Arnold Frye
Batting: RHB Willie Acevedo 0-0: Swinging Strike
0-1: Called Strike
0-2: Ball
1-2: Ball
2-2: Ball
3-2: Foul Ball, location: 2F
3-2: Base on Balls
Batting: LHB Matt Pena 0-0: Called Strike
0-1: Foul Ball, location: 2F
0-2: Ball
1-2: Ball
2-2: Ground out 1-3 (Groundball, 13S, EV 71.9 MPH)
Bottom of the 5th over - 4 runs, 4 hits, 0 errors, 1 left on base; Orem 6 - Princeton 5
TOP OF THE 6TH
Orem Owlz batting - Pitching for Princeton Rays : LHP Joel Brown
Batting: RHB Jesse Sargent 0-0: Ball
1-0: Ball
2-0: Foul Ball, location: 2F
2-1: Ground out 5-3 (Groundball, 56S, EV 81.9 MPH)
Batting: LHB Kevin Feldman 0-0: Fly out, F5 (Line Drive, 5, EV 70.0 MPH)
Batting: RHB Steve Neely 0-0: Foul Ball, location: 2F
0-1: Swinging Strike
0-2: Strikes out swinging
Top of the 6th over - 0 runs, 0 hits, 0 errors, 0 left on base; Orem 6 - Princeton 5
BOTTOM OF THE 6TH
Princeton Rays batting - Pitching for Orem Owlz : RHP Arnold Frye
Pinch Hitting: RHB Bobby Ross 0-0: Called Strike
0-1: SOLO HOME RUN (Flyball, 78XD, EV 103.8 MPH), Distance : 406 ft
Batting: RHB Toshikatsu Omori 0-0: Ball
1-0: Called Strike
1-1: Ground out 5-3 (Groundball, 56, EV 90.6 MPH)
Batting: LHB Dave Northam 0-0: Ball
1-0: Ball
2-0: Ball
3-0: Base on Balls
Pitching: RHP Carlos Olbera
Batting: SHB Omar Cervantes 0-0: Ball
1-0: Foul Ball, location: 2F
1-1: Ball
2-1: Foul Ball, location: 2F
2-2: Foul Ball, location: 2F
2-2: Ball
3-2: SINGLE (Line Drive, 8RS, EV 87.5 MPH)
Dave Northam to second
Batting: LHB Ian Cranton 0-0: Ball
1-0: Called Strike
1-1: Foul Ball, location: 2F
1-2: Ball
2-2: Foul Ball, location: 2F
2-2: Foul Ball, location: 2F
2-2: Strikes out swinging
Batting: SHB Dan Trainer 0-0: Ball
1-0: Fly out, F9 (Flyball, 9D, EV 83.1 MPH)
Bottom of the 6th over - 1 run, 2 hits, 0 errors, 2 left on base; Orem 6 - Princeton 6
TOP OF THE 7TH
Orem Owlz batting - Pitching for Princeton Rays : LHP Joel Brown
Now in LF: Carlos Ruelas
Batting: RHB Ken Hillman 0-0: TRIPLE (Flyball, 89XD, EV 91.9 MPH)
Batting: RHB Fred Saxton 0-0: Ball
1-0: Called Strike
1-1: Fly out, F8 (Flyball, 8LD, EV 89.4 MPH)
Runner from 3rd tags up, OUT at HOME! 8-2
Batting: RHB Daniel Molina 0-0: Called Strike
0-1: Ball
1-1: Foul Ball, location: 2F
1-2: Ball
2-2: Foul Ball, location: 2F
2-2: Strikes out looking
Top of the 7th over - 0 runs, 1 hit, 0 errors, 0 left on base; Orem 6 - Princeton 6
BOTTOM OF THE 7TH
Princeton Rays batting - Pitching for Orem Owlz : RHP Carlos Olbera
Batting: RHB Sandoval Serzedelo 0-0: Ball
1-0: Ground out 4-3 (Groundball, 4, EV 87.5 MPH)
Batting: RHB Willie Acevedo 0-0: Ball
1-0: Ground out U3 (Groundball, 3, EV 87.5 MPH)
Batting: LHB Matt Pena 0-0: Called Strike
0-1: Fly out, F2 (Popup, 2LF, EV 86.9 MPH)
Bottom of the 7th over - 0 runs, 0 hits, 0 errors, 0 left on base; Orem 6 - Princeton 6
TOP OF THE 8TH
Orem Owlz batting - Pitching for Princeton Rays : LHP Joel Brown
Pitching: RHP Jose Arredondo
Batting: RHB Kyle Gray 0-0: Called Strike
0-1: Called Strike
0-2: Foul Ball, location: 2F
0-2: Foul Ball, location: 2F
0-2: Foul Ball, location: 2F
0-2: Ball
1-2: Ball
2-2: Foul Ball, location: 2F
2-2: Ground out 5-3 (Groundball, 56D, EV 81.9 MPH)
Batting: SHB Manuel Martinez 0-0: Called Strike
0-1: Foul Ball, location: 2F
0-2: Ball
1-2: Strikes out looking
Pinch Hitting: LHB David Coatney 0-0: Foul Ball, location: 2F
0-1: Called Strike
0-2: Fly out, F9 (Flyball, 89S, EV 85.6 MPH)
Top of the 8th over - 0 runs, 0 hits, 0 errors, 0 left on base; Orem 6 - Princeton 6
BOTTOM OF THE 8TH
Princeton Rays batting - Pitching for Orem Owlz : RHP Carlos Olbera
Now in RF: David Coatney
Pinch Hitting: LHB Jonathan Watt 0-0: Ball
1-0: Called Strike
1-1: Foul Ball, location: 2F
1-2: Foul Ball, location: 2F
1-2: Ground out U3 (Groundball, 3, EV 110.0 MPH)
Batting: RHB Toshikatsu Omori 0-0: Ball
1-0: Called Strike
1-1: Ball
2-1: Ball
3-1: Base on Balls
Pitching: RHP Michael Coleman
Batting: LHB Dave Northam 0-0: Ball
1-0: Ball
2-0: Ball
Toshikatsu Omori is caught stealing 2nd base 2-6
3-0: Base on Balls
Batting: SHB Omar Cervantes 0-0: Called Strike
Dave Northam is caught stealing 2nd base 2-6
Bottom of the 8th over - 0 runs, 0 hits, 0 errors, 0 left on base; Orem 6 - Princeton 6
TOP OF THE 9TH
Orem Owlz batting - Pitching for Princeton Rays : RHP Jose Arredondo
Now in LF: Sandoval Serzedelo
Now in CF: Gilbert Hoareau
Pinch Hitting: RHB Brian Spry 0-0: Ball
1-0: Ground out 5-3 (Groundball, 56, EV 102.5 MPH)
Pitching: RHP Matt Roberts
Batting: LHB Kevin Feldman 0-0: Ball
1-0: Ball
2-0: Ball
3-0: Base on Balls
Pinch Hitting: SHB Cesar Carrasquillo Pickoff Throw to First - Out! 1-3
0-0: Swinging Strike
0-1: Ball
1-1: Called Strike
1-2: Foul Ball, location: 2F
1-2: Strikes out swinging
Top of the 9th over - 0 runs, 0 hits, 0 errors, 0 left on base; Orem 6 - Princeton 6
BOTTOM OF THE 9TH
Princeton Rays batting - Pitching for Orem Owlz : RHP Michael Coleman
Now at 2B: Cesar Carrasquillo
Now in CF: Carlos Gonzales
Batting: SHB Omar Cervantes 0-0: Called Strike
0-1: Ground out 4-3 (Groundball, 4, EV 89.4 MPH)
Batting: LHB Ian Cranton 0-0: Ball
1-0: Ball
2-0: SINGLE (Line Drive, 8LS, EV 110.6 MPH)
Batting: SHB Dan Trainer 0-0: Ball
1-0: Called Strike
1-1: Fly out, F4 (Popup, 34S, EV 81.9 MPH)
Batting: RHB Sandoval Serzedelo 0-0: SINGLE (Line Drive, 78S, EV 103.1 MPH)
Ian Cranton to second
Batting: RHB Willie Acevedo 0-0: Called Strike
0-1: SINGLE (Groundball, 6D, EV 101.2 MPH)
Ian Cranton to third
Sandoval Serzedelo to second
Runner from 3rd tries for Home, SAFE, throw by LF to home
Bottom of the 9th over - 1 run, 3 hits, 0 errors, 2 left on base; Orem 6 - Princeton 7
Sunday, July 16th , 2023 - OOTP Baseball 24.6 Build 69